[ AOE2 MATCH · #506728131 ]
UnrankedJapanese vs Vikings
Player's team · WIN
Rival team · LOSS
[ REPLAY ANALYSIS · EXTRACTED FROM THE RECORDED GAME ]
Feudal
9:23
Castle
—
Imperial
—
| APM avg | 58.9 |
| APM peak | 88 |
| eAPM avg | 26.0 |
| Villagers / military | 49 / 21 |
Focus
⚔️ 35.8% · 🌾 64.2%
Archer ×12 · Militia ×5 · Scout Cavalry ×4
Feudal
9:38
Castle
21:16
Imperial
—
| APM avg | 63.6 |
| APM peak | 102 |
| eAPM avg | 26.1 |
| Villagers / military | 50 / 16 |
Focus
⚔️ 39.3% · 🌾 60.7%
Skirmisher ×9 · Militia ×4 · Spearman ×3
Match map
Initial resources + every placement click. Lines = walls · curves = elevation contours. ◆ gold · ⬟ stone · ● berries · ✦ relic · ◌ wall gap
Your base· Open — 7t gap
DraconicAspirant's base· Open — 5t gap
Smoothed initial terrain · ◌ = detected wall gap · hover for details
Inputs per minute
— CTM | El Inadecuado - - DraconicAspirant
Build order — CTM | El Inadecuado
137 actions detected in the replay
| 0:00 | Queue | Villager (Male) |
| 0:01 | Queue | Villager (Male) |
| 0:02 | Build | House |
| 0:04 | Build | House |
| 0:26 | Queue | Villager (Male) |
| 0:26 | Queue | Villager (Male) |
| 1:22 | Queue | Villager (Male) |
| 1:23 | Queue | Villager (Male) |
| 1:45 | Queue | Villager (Male) |
| 1:45 | Queue | Villager (Male) |
| 2:20 | Queue | Villager (Male) |
| 2:20 | Queue | Villager (Male) |
| 2:33 | Queue | Villager (Male) |
| 2:46 | Build | Lumber Camp |
| 2:58 | Queue | Villager (Male) |
| 2:59 | Queue | Villager (Male) |
| 3:41 | Queue | Villager (Male) |
| 4:02 | Build | House |
| 4:10 | Queue | Villager (Male) |
| 4:10 | Queue | Villager (Male) |
| 4:10 | Queue | Villager (Male) |
| 4:25 | Queue | Villager (Male) |
| 4:25 | Queue | Villager (Male) |
| 4:42 | Build | Mill |
| 4:48 | Queue | Villager (Male) |
| 4:48 | Queue | Villager (Male) |
| 4:52 | Queue | Villager (Male) |
| 5:08 | Queue | Villager (Male) |
| 5:08 | Queue | Villager (Male) |
| 5:35 | Queue | Villager (Male) |
| 5:35 | Queue | Villager (Male) |
| 5:39 | Research | Loom |
| 6:49 | Build | Barracks |
| 7:13 | Research | Feudal Age |
| 7:13 | Research | Feudal Age |
| 7:36 | Build | Mining Camp |
| 7:43 | Build | House |
| 7:50 | Build | House |
| 7:51 | Queue | Militia |
| 7:51 | Queue | Militia |
| 8:08 | Queue | Militia |
| 8:08 | Queue | Militia |
| 8:13 | Queue | Militia |
| 8:23 | Build | Palisade Wall |
| 9:03 | Build | House |
| 9:23 | Age | Feudal Age |
| 9:29 | Queue | Villager (Male) |
| 9:29 | Queue | Villager (Male) |
| 9:30 | Queue | Villager (Male) |
| 9:35 | Build | Archery Range |
| 9:44 | Research | Man-at-Arms (upgrade) |
| 10:10 | Research | Double-Bit Axe |
| 10:10 | Research | Double-Bit Axe |
| 10:17 | Build | Palisade Wall |
| 10:18 | Build | Palisade Wall |
| 10:28 | Build | Palisade Wall |
| 10:29 | Build | Palisade Wall |
| 10:37 | Queue | Archer |
| 10:42 | Build | Palisade Wall |
| 10:44 | Build | Palisade Wall |
| 10:59 | Queue | Villager (Male) |
| 10:59 | Queue | Villager (Male) |
| 11:04 | Queue | Archer |
| 11:21 | Queue | Villager (Male) |
| 11:21 | Queue | Villager (Male) |
| 12:14 | Queue | Archer |
| 12:31 | Build | Blacksmith |
| 12:38 | Build | Blacksmith |
| 12:41 | Build | House |
| 12:45 | Queue | Archer |
| 12:47 | Queue | Villager (Male) |
| 12:48 | Queue | Villager (Male) |
| 12:48 | Queue | Villager (Male) |
| 12:49 | Build | Farm |
| 12:51 | Build | Farm |
| 12:54 | Build | Farm |
| 13:07 | Queue | Archer |
| 13:27 | Build | House |
| 13:35 | Queue | Archer |
| 13:40 | Build | Palisade Wall |
| 13:42 | Build | Palisade Wall |
| 13:54 | Build | Farm |
| 14:01 | Queue | Villager (Male) |
| 14:30 | Queue | Archer |
| 14:34 | Build | Farm |
| 14:36 | Build | Farm |
| 14:37 | Build | Farm |
| 14:58 | Research | Fletching |
| 14:58 | Research | Fletching |
| 14:59 | Queue | Villager (Male) |
| 14:59 | Queue | Villager (Male) |
| 15:13 | Queue | Villager (Male) |
| 15:19 | Build | Farm |
| 15:23 | Build | Farm |
| 15:24 | Build | Farm |
| 15:28 | Build | Farm |
| 15:42 | Queue | Villager (Male) |
| 15:42 | Queue | Villager (Male) |
| 15:46 | Queue | Archer |
| 15:46 | Queue | Archer |
| 16:18 | Queue | Villager (Male) |
| 16:21 | Build | Farm |
| 16:38 | Build | Stable |
| 16:41 | Queue | Villager (Male) |
| 16:48 | Build | Lumber Camp |
| 16:53 | Queue | Archer |
| 16:53 | Queue | Archer |
| 17:02 | Queue | Villager (Male) |
| 17:06 | Build | House |
| 17:18 | Build | House |
| 17:30 | Queue | Villager (Male) |
| 17:36 | Queue | Scout Cavalry |
| 17:36 | Queue | Scout Cavalry |
| 17:39 | Build | Farm |
| 17:40 | Build | Farm |
| 17:44 | Build | Farm |
| 17:54 | Research | Horse Collar |
| 18:05 | Build | House |
| 18:10 | Queue | Scout Cavalry |
| 18:36 | Build | Palisade Wall |
| 18:41 | Queue | Villager (Male) |
| 18:43 | Queue | Archer |
| 18:45 | Queue | Scout Cavalry |
| 18:49 | Build | House |
| 18:53 | Build | Farm |
| 19:15 | Queue | Villager (Male) |
| 19:16 | Research | Wheelbarrow |
| 20:07 | Build | Farm |
| 20:22 | Build | Palisade Wall |
| 20:52 | Build | Farm |
| 20:53 | Build | Farm |
| 20:54 | Build | Farm |
| 21:00 | Queue | Villager (Male) |
| 21:55 | Research | Castle Age |
| 21:55 | Research | Castle Age |
| 22:28 | Build | Farm |
| 22:29 | Build | Farm |
Build order — DraconicAspirant
136 actions detected in the replay
| 0:02 | Queue | Villager (Male) |
| 0:02 | Queue | Villager (Male) |
| 0:02 | Queue | Villager (Male) |
| 0:02 | Queue | Villager (Male) |
| 0:03 | Build | House |
| 0:04 | Build | House |
| 1:43 | Queue | Villager (Male) |
| 1:43 | Queue | Villager (Male) |
| 1:53 | Build | Lumber Camp |
| 1:58 | Queue | Villager (Male) |
| 2:21 | Queue | Villager (Male) |
| 2:21 | Queue | Villager (Male) |
| 2:44 | Queue | Villager (Male) |
| 2:44 | Queue | Villager (Male) |
| 3:11 | Queue | Villager (Male) |
| 3:39 | Queue | Villager (Male) |
| 3:39 | Queue | Villager (Male) |
| 3:51 | Queue | Villager (Male) |
| 3:55 | Build | House |
| 3:57 | Build | House |
| 4:04 | Build | House |
| 4:10 | Queue | Villager (Male) |
| 4:10 | Queue | Villager (Male) |
| 5:06 | Queue | Villager (Male) |
| 5:06 | Queue | Villager (Male) |
| 5:06 | Queue | Villager (Male) |
| 5:20 | Queue | Villager (Male) |
| 5:49 | Build | Barracks |
| 6:03 | Queue | Villager (Male) |
| 6:45 | Research | Loom |
| 7:12 | Build | Mining Camp |
| 7:13 | Queue | Villager (Male) |
| 7:28 | Research | Feudal Age |
| 7:44 | Queue | Militia |
| 7:45 | Queue | Militia |
| 7:45 | Queue | Militia |
| 8:19 | Build | Mill |
| 8:29 | Queue | Militia |
| 8:59 | Build | Palisade Wall |
| 9:01 | Build | Palisade Wall |
| 9:02 | Build | Palisade Wall |
| 9:03 | Build | Palisade Wall |
| 9:04 | Build | Palisade Wall |
| 9:04 | Build | Palisade Wall |
| 9:05 | Build | House |
| 9:08 | Build | Palisade Wall |
| 9:16 | Build | Palisade Wall |
| 9:18 | Build | Palisade Wall |
| 9:38 | Age | Feudal Age |
| 9:47 | Research | Man-at-Arms (upgrade) |
| 9:48 | Queue | Villager (Male) |
| 10:13 | Build | House |
| 10:17 | Build | Palisade Wall |
| 10:17 | Build | Palisade Wall |
| 10:19 | Build | House |
| 10:22 | Research | Double-Bit Axe |
| 10:57 | Queue | Villager (Male) |
| 10:57 | Queue | Villager (Male) |
| 11:03 | Build | Farm |
| 11:03 | Build | Farm |
| 11:03 | Build | Farm |
| 11:03 | Build | Farm |
| 11:04 | Build | Farm |
| 11:24 | Queue | Villager (Male) |
| 11:24 | Queue | Villager (Male) |
| 11:34 | Queue | Villager (Male) |
| 11:34 | Queue | Villager (Male) |
| 12:13 | Build | Farm |
| 12:16 | Build | Farm |
| 12:18 | Queue | Villager (Male) |
| 12:20 | Build | Farm |
| 12:22 | Build | Archery Range |
| 12:36 | Build | Farm |
| 12:51 | Queue | Villager (Male) |
| 12:52 | Queue | Villager (Male) |
| 13:12 | Queue | Villager (Male) |
| 13:16 | Build | Farm |
| 13:18 | Queue | Skirmisher |
| 13:26 | Build | Farm |
| 13:29 | Queue | Villager (Male) |
| 13:32 | Queue | Skirmisher |
| 13:41 | Build | House |
| 13:45 | Queue | Skirmisher |
| 13:50 | Build | Farm |
| 13:51 | Queue | Villager (Male) |
| 13:52 | Queue | Skirmisher |
| 14:15 | Queue | Villager (Male) |
| 14:20 | Queue | Skirmisher |
| 14:25 | Build | Farm |
| 15:02 | Build | Farm |
| 15:03 | Queue | Villager (Male) |
| 15:12 | Build | Farm |
| 15:15 | Queue | Skirmisher |
| 15:29 | Build | Blacksmith |
| 15:34 | Queue | Skirmisher |
| 15:40 | Queue | Villager (Male) |
| 15:41 | Queue | Villager (Male) |
| 15:44 | Queue | Villager (Male) |
| 15:59 | Build | Farm |
| 16:14 | Research | Padded Archer Armor |
| 16:18 | Queue | Skirmisher |
| 16:18 | Queue | Skirmisher |
| 16:58 | Build | Market |
| 16:59 | Build | House |
| 17:00 | Build | House |
| 17:02 | Queue | Villager (Male) |
| 17:17 | Queue | Spearman |
| 17:29 | Queue | Villager (Male) |
| 17:37 | Build | Palisade Wall |
| 17:46 | Build | Palisade Wall |
| 17:49 | Build | House |
| 17:56 | Build | Palisade Wall |
| 18:03 | Queue | Villager (Male) |
| 18:13 | Build | House |
| 18:15 | Build | House |
| 18:36 | Research | Castle Age |
| 19:20 | Build | Farm |
| 19:55 | Build | Barracks |
| 19:58 | Build | Barracks |
| 19:59 | Research | Gold Mining |
| 20:09 | Build | Watch Tower |
| 20:48 | Build | Lumber Camp |
| 21:09 | Queue | Spearman |
| 21:09 | Queue | Spearman |
| 21:16 | Age | Castle Age |
| 21:24 | Build | House |
| 21:26 | Build | House |
| 21:28 | Build | House |
| 21:39 | Build | Palisade Wall |
| 22:03 | Queue | Villager (Male) |
| 22:05 | Build | Farm |
| 22:13 | Queue | Villager (Male) |
| 22:14 | Queue | Villager (Male) |
| 22:14 | Queue | Villager (Male) |
| 22:14 | Queue | Villager (Male) |
| 22:24 | Queue | Villager (Male) |
Match timeline
| 5:49 | DraconicAspirant · first_building Barracks |
| 6:49 | CTM | El Inadecuado · first_building Barracks |
| 8:23 | CTM | El Inadecuado · wall_segment Palisade Wall x6 |
| 8:59 | DraconicAspirant · wall_segment Palisade Wall x1 |
| 9:01 | DraconicAspirant · wall_segment Palisade Wall x1 |
| 9:02 | DraconicAspirant · wall_segment Palisade Wall x1 |
| 9:03 | DraconicAspirant · wall_segment Palisade Wall x1 |
| 9:04 | DraconicAspirant · wall_segment Palisade Wall x1 |
| 9:04 | DraconicAspirant · wall_segment Palisade Wall x1 |
| 9:08 | DraconicAspirant · wall_segment Palisade Wall x1 |
| 9:16 | DraconicAspirant · wall_segment Palisade Wall x1 |
| 9:18 | DraconicAspirant · wall_segment Palisade Wall x1 |
| 9:23 | CTM | El Inadecuado · age_up feudal |
| 9:35 | CTM | El Inadecuado · first_building Archery Range |
| 9:38 | DraconicAspirant · age_up feudal |
| 10:17 | DraconicAspirant · wall_segment Palisade Wall x1 |
| 10:17 | DraconicAspirant · wall_segment Palisade Wall x1 |
| 10:17 | CTM | El Inadecuado · wall_segment Palisade Wall x9 |
| 10:18 | CTM | El Inadecuado · wall_segment Palisade Wall x1 |
| 10:28 | CTM | El Inadecuado · wall_segment Palisade Wall x1 |
| 10:29 | CTM | El Inadecuado · wall_segment Palisade Wall x1 |
| 10:42 | CTM | El Inadecuado · wall_segment Palisade Wall x1 |
| 10:44 | CTM | El Inadecuado · wall_segment Palisade Wall x1 |
| 12:22 | DraconicAspirant · first_building Archery Range |
| 13:40 | CTM | El Inadecuado · wall_segment Palisade Wall x4 |
| 13:42 | CTM | El Inadecuado · wall_segment Palisade Wall x1 |
| 16:38 | CTM | El Inadecuado · first_building Stable |
| 17:37 | DraconicAspirant · wall_segment Palisade Wall x8 |
| 17:46 | DraconicAspirant · wall_segment Palisade Wall x3 |
| 17:56 | DraconicAspirant · wall_segment Palisade Wall x1 |
| 18:36 | CTM | El Inadecuado · wall_segment Palisade Wall x12 |
| 20:22 | CTM | El Inadecuado · wall_segment Palisade Wall x22 |
| 21:05 | DraconicAspirant · first_market_sell 100 food |
| 21:06 | DraconicAspirant · first_market_buy 100 wood |
| 21:16 | DraconicAspirant · age_up castle |
| 21:39 | DraconicAspirant · wall_segment Palisade Wall x1 |
| 22:35 | DraconicAspirant · resign |
[ AI ANALYSIS · 1 CREDIT ]
What really happened in this match?
Wolo.gg analyzes every decision: build order, eco, micro, common mistakes by bracket. Personalized analysis on WhatsApp or Discord in 30 seconds.
Civ guide
Japanese
Perfil
CTM | El Inadecuado